 Dungeon Crawl Stone Soup version 0.21-a0-426-g98080a9 (webtiles) character file.

308740 4thArraOfDagon the Severer (level 22, 0/169 HPs)
             Began as a Formicid Ice Elementalist on Nov 6, 2017.
             Was a High Priest of Ru.
             Splashed by the Royal Jelly's acid (3 damage)
             ... on level 5 of the Pits of Slime.
             The game lasted 03:26:03 (27606 turns).

4thArraOfDagon the Severer (FoIE)                  Turns: 27606, Time: 03:26:04

Health: 0/169      AC:  9    Str: 21      XL:     22   Next: 15%
Magic:  0/38       EV: 19    Int: 23 (25) God:    Ru [*****.]
Gold:   678        SH: 19    Dex: 22      Spells: 12/42 levels left

rFire    + . .     SeeInvis +   y - +8 mithril axe "Arga" {speed, MR+}
rCold    + + .     Gourm    .   D - +3 shield {reflect}
rNeg     . . .     Faith    +   u - +4 moon troll leather armour {Spirit, Regen++ MP+5}
rPois    +         Spirit   +   (helmet unavailable)
rElec    +         Reflect  +   U - scarf {repulsion}
rCorr    +         Harm     .   a - +2 pair of gloves
MR       +....     Clarity  +   H - +2 pair of boots {Fly}
Stlth    ++++......             t - amulet "Bulosuc" {Faith rElec MR- Str+3 SInv}
HPRegen  1.18/turn              R - ring of resist corrosion
MPRegen  0.26/turn              f - +3 ring of slaying

@: mighty, agile, exhausted, resistant, corroded, no scrolls, drained, repel
missiles
A: permanent stasis, dig shafts and tunnels, four strong arms, antennae 3, large
bone plates 1, thin skeletal structure 2, agile 1, clarity, cold resistance 1,
deterioration 1, low mp 1, screaming 1, evolution 1, inability to read while
threatened, no earth magic, no hexes magic, no translocations magic, reduced EV
1, magic vulnerability 1
}: 2/15 runes: decaying, serpentine
a: Dig, Shaft Self, Draw Out Power, Power Leap, Apocalypse, Renounce Religion,
Evoke Flight


You were on level 5 of the Pits of Slime.
You worshipped Ru.
Ru was extremely pleased with you.
You were very full.

You visited 8 branches of the dungeon, and saw 40 of its levels.
You visited the Abyss 2 times.

You collected 3194 gold pieces.
You spent 2516 gold pieces at shops.

Inventory:

Hand Weapons
 w - the +5 dagger "Fabaen Xeho" {drain, *Rage rPois Int+8 Dex-2}
   (You found it on level 4 of the Dungeon)

   A truly terrible weapon, it drains the life of those it strikes.
   It affects your intelligence (+8).
   It affects your dexterity (-2).
   It protects you from poison.
   It may make you go berserk in combat.
 y - the +8 mithril axe "Arga" (weapon) {speed, MR+}
   (You took it off a deep elf high priest on level 3 of the Elven Halls)

   Attacks with this weapon are significantly faster.
   It affects your resistance to hostile enchantments.
 C - the +2 great mace of Truth {antimagic, rElec rN+++ MR+ Int-2}
   (You bought it in a shop on level 1 of the Orcish Mines)

   It reduces the magical energy of the wielder, and disrupts the spells and
   magical abilities of those hit.
   Natural abilities and divine invocations are not affected.
   It affects your intelligence (-2).
   It insulates you from electricity.
   It renders you almost immune to negative energy.
   It affects your resistance to hostile enchantments.
Armour
 a - a +2 pair of gloves (worn)
 p - a scarf of resistance
 u - the +4 moon troll leather armour (worn) {Spirit, Regen++ MP+5}
   (You found it on level 2 of the Lair of Beasts)

   It affects your magic capacity (+5).
   It increases your rate of regeneration.
 x - the +10 plate armour of Ziappufe {rN+ Int+5}
   (You took it off a deep elf high priest on level 3 of the Elven Halls)

   It affects your intelligence (+5).
   It protects you from negative energy.
 D - a +3 shield of reflection (worn)
 H - a +2 pair of boots of flying (worn)
 J - the -1 hat of Asaolips {rElec rCorr}
   (You found it on level 14 of the Dungeon)

   It insulates you from electricity.
   It protects you from acid and corrosion.
 U - a scarf of repulsion (worn)
Magical Staves
 F - an uncursed staff of air
Jewellery
 f - a +3 ring of slaying (right hand)
 j - an uncursed ring of fire
 m - an uncursed ring of protection from cold
 t - the amulet "Bulosuc" (around neck) {Faith rElec MR- Str+3 SInv}
   (You acquired it on level 9 of the Dungeon)

   [amulet of faith]

   It allows you to gain divine favour quickly.
   It affects your strength (+3).
   It insulates you from electricity.
   It affects your resistance to hostile enchantments.
   It lets you see invisible.
 L - an uncursed ring of protection from magic
 R - a ring of resist corrosion (left hand)
 T - the ring of Wu Jian's Favour {+Fly SInv}
   (You found it on level 6 of the Lair of Beasts)

   [ring of flight]

   It lets you see invisible.
   It lets you fly.
 Y - an uncursed ring of poison resistance
Wands
 b - a wand of clouds (3/9)
 N - a wand of paralysis (18/24)
 Q - a wand of digging (4/24)
Scrolls
 k - a scroll of fog
 o - 6 scrolls of recharging
 r - 4 scrolls of immolation
 s - 12 scrolls of remove curse
 A - 7 scrolls of identify
 B - 3 scrolls of enchant weapon
 G - a scroll of summoning
 I - 3 scrolls of magic mapping
 W - 5 scrolls of amnesia
Potions
 d - 6 potions of lignification
 h - 8 potions of heal wounds
 l - 2 potions of cancellation
 v - 4 potions of might
 K - 6 potions of flight
 M - 4 potions of invisibility
 O - 2 potions of brilliance
 P - 2 potions of ambrosia
 V - 12 potions of curing
 X - 3 potions of resistance
Miscellaneous
 i - a lightning rod (1/4)
 q - a lamp of fire
 z - a fan of gales
 E - 2 phantom mirrors
 Z - a phial of floods
Comestibles
 c - 3 bread rations
 n - 16 meat rations


   Skills:
 - Level 13.0(11.5) Fighting
 - Level 18.0(16.4) Axes
 - Level 14.0(12.5) Armour
 - Level 10.0(8.6) Dodging
 - Level 2.4(1.3) Stealth
 - Level 9.0(7.7) Shields
 + Level 10.7(9.3) Spellcasting
 - Level 11.4(10.0) Conjurations
 - Level 3.7(2.6) Charms
 - Level 3.8(2.6) Necromancy
 - Level 13.0(11.6) Ice Magic
 * Level 12.2(10.8) Air Magic


You had 12 spell levels left.
You knew the following spells:

 Your Spells              Type           Power        Failure   Level  Hunger
b - Throw Icicle          Conj/Ice       ######..     1%          4    ##.....
c - Tornado               Air            ######....   100%        9    #######
d - Regeneration          Chrm/Necr      ###.......   9%          3    None
e - Control Undead        Necr           ###.......   28%         4    ##.....
f - Swiftness             Chrm/Air       #####...     1%          2    None
g - Sublimation of Blood  Necr           ###.......   4%          2    None
h - Freezing Cloud        Conj/Ice/Air   ######....   16%         6    ######.


Dungeon Overview and Level Annotations

Branches:
Dungeon (15/15)            Temple (1/1) D:7            Lair (6/6) D:10
  Swamp (4/4) Lair:4        Snake (4/4) Lair:4        Slime (5/5) Lair:6
    Orc (2/2) D:12            Elf (3/3) Orc:2        Vaults (0/5) D:13
 Depths: D:15

Altars:
Ashenzari
Cheibriados
Dithmenos
Fedhas
Hepliaklqana
Makhleb
Nemelex Xobeh
Qazlal
Ru
Vehumet
Xom
Zin
The Shining One
Beogh
Jiyva

Shops:
D:4 [   D:5 %   D:8 [   D:10 [   Orc:1 (   Orc:2 *}[!   Elf:1 }==   Elf:3 (!**
Snake:4 (

Annotations:
D:8 no, exclusion: oklob plant
D:12 exclusion: 2 downstairs
D:13 Rupert, Urug
D:14 zorance's ghost, journeyman DrTm
Slime:4 Nuz's ghost, master MiBe
Slime:5 Royal Jelly


Innate Abilities, Weirdness & Mutations

You cannot be hasted, slowed, berserked, paralysed or teleported.
You can dig through walls and to a lower floor.
Your four strong arms can wield two-handed weapons with a shield.
You have a pair of large antennae on your head. (SInv)
You cannot read scrolls while threatened.
You cannot study or cast Earth magic.
You cannot study or cast Hexes magic.
You cannot study or cast Translocations magic.
You have somewhat slow reflexes. (EV -5)
You are slightly vulnerable to magic. (MR-)
You are partially covered in large bone plates. (SH +4)
You have a moderately thin skeletal structure. (Dex +4, Stealth+)
You are agile. (Dex +2)
You possess an exceptional clarity of mind.
Your flesh is cold resistant. (rC+)
Your body sometimes deteriorates upon taking damage.
Your magical capacity is low. (-10% MP)
You occasionally shout uncontrollably at your foes.
You evolve.


Message History

The acid blob is lightly wounded.
The thunderbolt hits the death ooze.
The death ooze is moderately damaged.
The acid blob stops glowing.
The azure jelly hits you. The azure jelly freezes you! You resist.
* * * LOW HITPOINT WARNING * * *
You focus your will and illuminate the azure jelly in retribution!
The azure jelly hits you but does no damage.
You block the azure jelly's attack.
The azure jelly hits you but does no damage.
The acid blob spits acid at you. The splash of acid hits you! You resist.
* * * LOW HITPOINT WARNING * * *
You are splashed with acid!
The acid burns!
You resist.
* * * LOW HITPOINT WARNING * * *
The Royal Jelly hits you!!
* * * LOW HITPOINT WARNING * * *
Your body deteriorates!
You feel dopey. The acid corrodes you!
You are splashed with acid!
The acid burns!
You resist.
You die...

##### #####....### ##....#.....##
####............##
#####................## #..#
.............@J.......##...##
...........JJJJJ............##
............JJJ.J............#
............JJJ.J.............
...............JJJ...............
.................................
.......................J.........
.................................
.................................


You could see the Royal Jelly, 7 acid blobs, 6 azure jellies and 4 death oozes.

Vanquished Creatures
  Vashnia (Snake:2)
  A deep elf blademaster (Elf:3)
  15 acid blobs
  4 tentacled starspawn
  A thorn hunter (Swamp:3)
  Donald (Orc:1)
  11 nagarajas
  6 azure jellies
  4 deep elf sorcerers (Elf:3)
  An orc warlord (D:12)
  Aizul (Elf:3)
  Louise (Elf:3)
  6 deep elf elementalists (Elf:3)
  6 very ugly things
  15 deep elf annihilators (Elf:3)
  4 deep elf demonologists
  2 death oozes (Slime:5)
  4 deep elf death magi
  Josephine (Orc:2)
  3 fire dragons (Swamp:4)
  6 deep elf high priests (Elf:3)
  4 great orbs of eyes
  A rakshasa (D:12)
  11 hydras
  3 naga warriors
  7 anacondas
  4 catoblepae
  4 centaur warriors
  21 two-headed ogres
  27 dancing weapons
  5 alligators
  A queen ant (D:10)
  4 ogre magi
  16 naga sharpshooters
  10 death yaks
  2 thrashing horrors (Abyss:3)
  3 shock serpents
  15 deep elf knights
  A sun demon (Abyss:2)
  An iron troll (Orc:2)
  3 sixfirhies
  2 salamander mystics (Snake:3)
  8 starcursed masses (Abyss:2)
  A glowing orange brain (D:15)
  5 naga ritualists
  9 deep elf archers
  A deep troll (Orc:2)
  7 swamp dragons
  A lindwurm (Swamp:4)
  Pikel (D:7)
  An orc knight (D:15)
  2 shambling mangroves
  4 shining eyes
  56 deep elf magi
  An orb spider (Abyss:3)
  6 mana vipers
  22 ugly things
  3 cyclopes (Orc:2)
  2 manticores (Lair:6)
  14 guardian serpents
  28 black mambas
  15 naga magi
  13 salamanders
  A rust devil (Abyss:3)
  4 elephants (Lair:6)
  2 torpor snails (Lair:3)
  2 eyes of devastation
  3 smoke demons
  3 centaur zombies
  4 gargoyles
  8 spiny frogs
  2 rime drakes
  13 komodo dragons
  An ice devil (Abyss:3)
  19 trolls
  2 ancient zymes (Abyss:3)
  11 hornets
  A polar bear (Lair:6)
  7 tyrant leeches
  101 slime creatures
  Prince Ribbit (D:7)
  Grinder (D:6)
  12 hippogriffs
  5 blink frogs (Lair:2)
  9 bog bodies
  2 dream sheep (Lair:4)
  A centaur simulacrum (D:15)
  5 raiju
  4 large abominations
  2 vampires
  An air elemental (Elf:3)
  5 spriggans
  5 fire elementals
  3 wyverns
  2 ynoxinuls (Abyss:2)
  3 humans (D:13)
  32 yaks
  2 shadows
  A water elemental (Elf:2)
  7 wraiths
  A hungry ghost (D:10)
  3 golden eyes (Slime:5)
  A steam dragon (Swamp:4)
  5 chaos spawn
  A basilisk (Lair:1)
  2 fire bats (Swamp:4)
  6 vampire mosquitoes
  14 insubstantial wisps
  19 soldier ants
  2 wargs (D:12)
  29 nagas
  12 water moccasins
  An acid dragon (D:15)
  18 swamp worms
  3 hell hounds (Abyss:2)
  7 porcupines
  15 swamp drakes
  18 orc warriors
  6 sky beasts
  A black bear (D:10)
  A slave (D:7)
  An ice beast (D:11)
  33 ogres
  4 eyes of draining
  4 phantoms
  4 centaurs
  7 wolves
  16 crocodiles
  3 big kobolds
  17 bullfrogs
  10 small abominations
  4 earth elementals
  2 gnoll sergeants
  8 scorpions
  14 killer bees
  5 howler monkeys
  10 crimson imps
  2 bullfrog zombies
  7 hounds
  A quasit (D:10)
  9 jellies
  11 orc priests
  4 bullfrog skeletons
  4 centaur skeletons
  A gnoll shaman (D:7)
  2 iron imps
  3 iguanas
  14 orc wizards
  34 worker ants
  A killer bee zombie (D:6)
  2 hound skeletons
  17 gnolls
  A howler monkey skeleton (D:6)
  16 adders
  A shadow imp (D:8)
  12 oozes
  2 adder zombies
  A worm (shapeshifter) (D:8)
  17 worms
  4 dart slugs
  6 leopard geckos
  77 orcs
  2 ball pythons
  7 giant cockroaches
  9 goblins
  11 hobgoblins
  25 jackals
  17 kobolds
  A quokka (shapeshifter) (D:15)
  4 quokkas
  9 bats
  6 frilled lizards
  A goblin skeleton (D:9)
  A goblin zombie (D:9)
  3 hobgoblin zombies (D:9)
  2 kobold zombies (D:9)
  3 orc skeletons (D:9)
  A quokka skeleton (D:5)
  A quokka zombie (D:6)
  13 rats
  5 briar patches (Swamp:3)
  11 fungi
  14 plants
  4 starspawn tentacles
1432 creatures vanquished.

Vanquished Creatures (others)
  A deep elf master archer (Elf:3)
  3 nagarajas (Snake:4)
  2 hydras (Swamp:4)
  A dancing weapon (Elf:2)
  A death yak (Lair:6)
  A naga sharpshooter (Snake:4)
  A starcursed mass (Abyss:2)
  A swamp dragon (Swamp:4)
  2 lindwurms (Swamp:4)
  A deep elf mage (Elf:3)
  An ugly thing (D:15)
  A black mamba (Snake:3)
  3 naga magi
  3 komodo dragons
  2 slime creatures
  A steam dragon (Swamp:4)
  2 soldier ants (D:10)
  A swamp drake (Swamp:4)
  A wolf (Lair:6)
  A bullfrog (D:12)
  An orc (D:12)
  A briar patch (Swamp:3)
  9 fungi
  A lurking horror (Abyss:3)
  7 plants
  6 starspawn tentacles
55 creatures vanquished.

Grand Total: 1487 creatures vanquished

Notes
Turn   | Place    | Note
-------+----------+-------------------------------------------
     0 | D:1      | 4thArraOfDagon the Formicid Ice Elementalist began the quest for the Orb.
     0 | D:1      | Reached XP level 1. HP: 13/13 MP: 3/3
     6 | D:1      | Mulzaro: Wait you doing streaks now?
    15 | D:1      | Xiguana: just finished one
    18 | D:1      | Xiguana: ;d
    18 | D:1      | 4thArraOfDagon: this is streak 7 now
   180 | D:1      | Reached XP level 2. HP: 18/19 MP: 1/5
   257 | D:1      | Found a radiant altar of Vehumet.
   268 | D:1      | Xiguana: thats a nice vehumet altar
   268 | D:1      | 4thArraOfDagon: tempting but not viable :(
   286 | D:1      | Xiguana: chei eh?
   289 | D:1      | 4thArraOfDagon: idk
   289 | D:1      | 4thArraOfDagon: 0mp -> fo is dead
   308 | D:1      | Xiguana: shaft self
   316 | D:1      | 4thArraOfDagon: in extended you cant
   329 | D:1      | Xiguana: can do in hell
   329 | D:1      | 4thArraOfDagon: might look easy for 3 rune
   330 | D:1      | Xiguana: aye ive done Fo extended
   330 | D:1      | 4thArraOfDagon: this is noob trap
   330 | D:1      | Rhok: morning!
   347 | D:1      | Xiguana: hey
   405 | D:1      | Thaneod: hola
   414 | D:1      | Xiguana: get a dollah
   414 | D:1      | Reached XP level 3. HP: 24/24 MP: 1/6
   547 | D:3      | Found a stormy altar of Qazlal.
   578 | D:3      | Found a faded altar of an unknown god.
   580 | D:3      | Became a worshipper of Ashenzari the Shackled
   580 | D:3      | Reached * piety under Ashenzari
   585 | D:3      | Mulzaro: hmm
   627 | D:3      | 4thArraOfDagon: this will be a challenge
   672 | D:3      | Xiguana: try MuMo!
   700 | D:3      | Xiguana: WOW
   703 | D:3      | 4thArraOfDagon: w00t
   730 | D:4      | Xiguana: +3 slay ring yes please
   821 | D:3      | Mulzaro: Do you get 3 pips of piety if you take unknown altar as a Monk?
   824 | D:3      | Xiguana: no
   827 | D:3      | Xiguana: i mean
   828 | D:3      | Xiguana: yes
   841 | D:3      | Xiguana: unless its xom
   846 | D:3      | Xiguana: or gozag
   900 | D:3      | Xiguana: the game tries to apologise for last death with that slay ring
   979 | D:2      | Reached XP level 4. HP: 15/30 MP: 1/7
  1040 | D:1      | Reached skill level 1 in Fighting
  1063 | D:1      | Thaneod: or ru!
  1139 | D:1      | 4thArraOfDagon: +3 slaying is perfect for ice mage!
  1186 | D:1      | Xiguana: who cares
  1191 | D:1      | Xiguana: just melee em all
  1220 | D:1      | Xiguana: its like going MiWz
  1233 | D:1      | Xiguana: pick an axe
  1237 | D:2      | Xiguana: go trog
  1243 | D:2      | Xiguana: have a free conj flame and a bit fked up stats
  1254 | D:1      | Reached XP level 5. HP: 39/39 MP: 3/8
  1459 | D:2      | Thaneod: xD
  1683 | D:2      | Xiguana: !hs * mu--
  1688 | D:2      | beem: 313101. elliptic the Demonologist (L23 MuSu of Sif Muna), escaped with the Orb and 15 runes on 2012-09-13 19:39:50, with 52436210 points after 27371 turns and 8:00:10.
  1718 | D:2      | Reached ** piety under Ashenzari
  1864 | D:3      | Reached XP level 6. HP: 48/48 MP: 4/9
  1929 | D:4      | Found a shattered altar of Ashenzari.
  1934 | D:4      | Rhok: Oo
  1934 | D:4      | Mulzaro: lol
  2014 | D:4      | Rhok: very devout fo
  2056 | D:4      | Mulzaro: The jukes
  2144 | D:4      | Reached skill level 5 in Fighting
  2274 | D:4      | Got the dagger "Fabaen Xeho" {drain, *Rage rPois Int+8 Dex-2}
  2275 | D:4      | Identified the +5 dagger "Fabaen Xeho" {drain, *Rage rPois Int+8 Dex-2} (You found it on level 4 of the Dungeon)
  2281 | D:4      | Noticed a phantom
  2305 | D:5      | Entered Level 5 of the Dungeon
  2330 | D:5      | Got the mace of Fee Simple {freeze, rC+ MP+9 Dex+4}
  2337 | D:5      | Found Hecseteg's Food Boutique.
  2358 | D:5      | Learned a level 4 spell: Throw Icicle
  2402 | D:5      | Reached skill level 1 in Conjurations
  2402 | D:5      | Reached XP level 7. HP: 57/57 MP: 6/10
  2470 | D:4      | Reached skill level 5 in Ice Magic
  2507 | D:4      | Found Hyileopp's Antique Armour Shop.
  2607 | D:4      | Reached skill level 1 in Armour
  2668 | D:4      | You fall through a shaft for 3 floors!
  2669 | D:7      | :O
  2689 | D:7      | Found a staircase to the Ecumenical Temple.
  2696 | D:7      | Xiguana: oops
  2701 | Temple   | Entered the Ecumenical Temple
  2714 | Temple   | Fell from the grace of Ashenzari
  2714 | Temple   | Became a worshipper of Ru the Awakened
  2762 | D:7      | Reached XP level 8. HP: 47/64 MP: 11/11
  2774 | D:7      | Reached skill level 10 in Ice Magic
  2774 | D:7      | Reached XP level 9. HP: 52/69 MP: 12/12
  2836 | D:7      | Learned a level 4 spell: Summon Ice Beast
  2926 | D:7      | Identified the +5 mace of Fee Simple {freeze, rC+ MP+9 Dex+4} (You found it on level 5 of the Dungeon)
  2996 | D:7      | Noticed Prince Ribbit
  3009 | D:7      | Killed Prince Ribbit
  3399 | D:4      | Learned a level 3 spell: Regeneration
  3504 | D:6      | Was forgiven by Ashenzari
  3512 | D:6      | Gained mutation: You cannot read scrolls while threatened. [Ru sacrifice]
  3512 | D:6      | Reached * piety under Ru
  3563 | D:6      | Noticed Grinder
  3588 | D:6      | Killed Grinder
  3613 | D:6      | Found a blossoming altar of Fedhas.
  3705 | D:6      | Mulzaro: no buckler?
  3716 | D:6      | Found a shadowy altar of Dithmenos.
  3888 | D:6      | Thaneod: cannot read scrolls...
  3907 | D:5      | Mulzaro: not that bad for Fo since they cant blink or tele anyway
  3944 | D:6      | Thaneod: ough ok
  4248 | D:7      | Noticed Pikel
  4274 | D:7      | Killed Pikel
  4274 | D:7      | Reached skill level 1 in Shields
  4274 | D:7      | Reached XP level 10. HP: 74/76 MP: 7/15
  4312 | D:7      | Found a burning altar of Makhleb.
  4367 | D:7      | Xiguana: can u dump?
  4371 | D:7      | Xiguana: ty
  4371 | D:7      | 4thArraOfDagon: there
  4375 | D:7      | Mulzaro: 4tharra, do Fo count as large species for shields?
  4419 | D:7      | 4thArraOfDagon: hmm
  4419 | D:7      | Xiguana: ye
  4419 | D:7      | 4thArraOfDagon: no, because they CAN use bucklers?
  4419 | D:7      | Mulzaro: Well yeah but they are the same as naga
  4419 | D:7      | Mulzaro: and centaurs
  4419 | D:7      | 4thArraOfDagon: idk
  4419 | D:7      | Mulzaro: 2.4 skill to remove penalty from bucklers :D
  4485 | D:8      | Gained mutation: You are partially covered in slimy green scales. (AC +2) [mutagenic meat]
  4486 | D:8      | Gained mutation: Armour fits poorly on your strangely shaped body. [mutagenic meat]
  4487 | D:8      | Noticed a two-headed ogre
  4487 | D:8      | Gained mutation: Your spells are a little easier to cast, but a little less powerful. [mutagenic meat]
  4488 | D:8      | jacquesderrida: Daganz
  4493 | D:8      | Mulzaro: nice muts m8
  4515 | D:8      | jacquesderrida: Thanks
  4524 | D:8      | Killed a two-headed ogre
  4581 | D:8      | w00t
  4881 | D:8      | Found a shimmering altar of Xom.
  4884 | D:8      | Found the +6 mace of Variability {chaos}
  4977 | D:8      | Found Wasuzuischy's Armour Boutique.
  5018 | D:8      | Reached skill level 10 in Conjurations
  5119 | D:8      | Gained mutation: Your mind is acute. (Int +2) [mutagenic meat]
  5120 | D:8      | Gained mutation: Your muscles are strong. (Str +2) [mutagenic meat]
  5150 | D:8      | Noticed an oklob plant
  5173 | D:8      | Reached XP level 11. HP: 65/81 MP: 17/17
  5189 | D:8      | Gained mutation: You have somewhat slow reflexes. (EV -5) [Ru sacrifice]
  5189 | D:8      | Reached ** piety under Ru
  5189 | D:8      | Reached *** piety under Ru
  5190 | D:8      | magipi: reduced EV
  5420 | D:9      | Found a glowing golden altar of the Shining One.
  5502 | D:9      | Lost mutation: Your mind is acute. (Int +2) [mutagenic meat]
  5503 | D:9      | Gained mutation: You are partially covered in large bone plates. (SH +4) [mutagenic meat]
  5504 | D:9      | Gained mutation: Scrolls take you a little longer to read. [mutagenic meat]
  5717 | D:10     | Entered Level 10 of the Dungeon
  5794 | D:10     | Mulzaro: No ozo?
  5843 | D:10     | magipi: fighting with a -4 mace is brave, but perhaps not optimal
  5919 | D:10     | Reached skill level 1 in Charms
  5919 | D:10     | Reached skill level 1 in Necromancy
  5954 | D:10     | Reached skill level 5 in Spellcasting
  6048 | D:10     | 4thArraOfDagon: this is not mace
  6048 | D:10     | 4thArraOfDagon: this is evening star I think
  6048 | D:10     | 4thArraOfDagon: or who knows what
  6048 | D:10     | 4thArraOfDagon: ??evening star
  6048 | D:10     | beem: evening star ~ eveningstar[1/1]: (maces & flails; -1 acc / 15 dam / 1.5 base delay / 0.7 min delay). The opposite of a morningstar. The highest base damage weapon in the game that you can wield with a shield (unless you are playing Fo).
  6048 | D:10     | Mulzaro: Greatmace has a damage of 17
  6048 | D:10     | 4thArraOfDagon: ahh yes
  6208 | D:10     | Noticed a queen ant
  6238 | D:10     | Killed a queen ant
  6304 | D:10     | Mulzaro: Though some weapons have their own class, like the autumn katana
  6359 | D:10     | Xiguana: but katanas were things and got removed
  6517 | D:10     | Gained mutation: You cannot study or cast Earth magic. [Ru sacrifice]
  6517 | D:10     | Gained mutation: You cannot study or cast Hexes magic. [Ru sacrifice]
  6517 | D:10     | Gained mutation: You cannot study or cast Translocations magic. [Ru sacrifice]
  6517 | D:10     | Reached **** piety under Ru
  6578 | D:10     | Reached XP level 12. HP: 83/88 MP: 10/20
  6697 | D:10     | Noticed a two-headed ogre
  6703 | D:10     | Thaneod: too OP?
  6765 | D:10     | Killed a two-headed ogre
  6768 | D:10     | Xiguana: no
  6769 | D:10     | Mulzaro: 2 more base damage than demon blades, same min delay
  6774 | D:10     | Xiguana: ?
  6790 | D:10     | Xiguana: ??katana
  6793 | D:10     | beem: autumn katana[1/1]: (long blades; +3 acc / 14 dam / 1.2 base delay / 0.6 min delay). A +8 vorpal katana {clarity} that didn't get the news about katana removal.
  6826 | D:10     | Xiguana: ??demon blade
  6827 | D:10     | beem: demon blade[1/1]: (long blades; -1 acc / 12 dam / 1.3 base delay / 0.6 min delay). A terrible weapon, forged in the fires of Hell. Can be {bless}ed into a {eudemon blade}.
  6849 | D:10     | Xiguana: aye
  6865 | D:10     | Mulzaro: so pretty gud
  6899 | D:10     | Noticed a two-headed ogre
  6901 | D:10     | Found a staircase to the Lair.
  6921 | D:10     | Killed a two-headed ogre
  6967 | D:10     | Reached skill level 5 in Armour
  7272 | D:11     | Thaneod: k
  7277 | D:11     | Gained mutation: You have large cloven feet. [mutagenic meat]
  7278 | D:11     | Gained mutation: Your magical capacity is low. (-10% MP) [mutagenic meat]
  7279 | D:11     | Lost mutation: You have large cloven feet. [mutagenic meat]
  7284 | D:11     | Mulzaro: I was thinking how the fuck do you wield that mace with a shield
  7290 | D:11     | Mulzaro: then I remembered you are still a Fo
  7535 | D:11     | Thaneod: still...
  7569 | D:12     | Noticed a rakshasa
  7737 | D:11     | Found a glowing silver altar of Zin.
  7794 | D:11     | Xiguana: ??sacrifice durability
  7794 | D:11     | beem: sacrifice durability[1/1]: Your armour skill is set to 0 and you can't train it. Worth more if you also sacrifice nimbleness.
  7818 | D:12     | Noticed a two-headed ogre
  7831 | D:11     | Killed a two-headed ogre
  7839 | D:11     | Mulzaro: naisu clouduu
  7913 | D:13     | Found a gate to the Vaults.
  7913 | D:13     | Noticed Urug
  7913 | D:13     | Noticed Rupert
  7913 | D:13     | Noticed a centaur warrior
  7913 | D:13     | Noticed a two-headed ogre
  8125 | D:12     | :O
  8203 | D:12     | Gained mutation: You are clumsy. (Dex -2) [mutagenic meat]
  8384 | D:12     | Xiguana: i just thought gn of ru might be real strong
  8398 | D:12     | Lost mutation: Your magical capacity is low. (-10% MP) [mutagenic meat]
  8399 | D:12     | Gained mutation: Your flesh is heat resistant. (rF+) [mutagenic meat]
  8400 | D:12     | Gained mutation: You have sharp toenails. [mutagenic meat]
  8402 | D:12     | Lost mutation: Your spells are a little easier to cast, but a little less powerful. [mutagenic meat]
  8403 | D:12     | 4thArraOfDagon: gnoll of anything is op as f***
  8426 | D:12     | Xiguana: nah i went blaster gnoll of vehumet
  8426 | D:12     | 4thArraOfDagon: you can use/cast anything at one point
  8639 | D:4      | Bought a bloodstained plate armour for 700 gold pieces
  8649 | D:4      | Identified the +1 plate armour of Saof Dut {rCorr Dex+5} (You bought it in a shop on level 4 of the Dungeon)
  8765 | D:9      | You fall through a shaft!
  8836 | D:9      | Identified a scroll of acquirement
  8836 | D:9      | 4thArraOfDagon: https://www.youtube.com/watch?v=dMg97GTzf84
  8836 | D:9      | Got a warped pewter amulet
  8837 | D:9      | Identified the amulet "Bulosuc" {Faith rElec MR- Str+3 SInv} (You acquired it on level 9 of the Dungeon)
  8916 | D:11     | Reached XP level 13. HP: 78/99 MP: 9/22
  8940 | D:10     | Mulzaro: pretu gud song
  9611 | D:10     | Found Liad's Antique Armour Boutique.
  9778 | D:12     | Mulzaro: https://www.youtube.com/watch?v=mvrMQD_SGj0
  9782 | D:11     | magipi: looking for orc or what?
  9847 | D:12     | Killed a rakshasa
  9860 | D:12     | 4thArraOfDagon: ye
  9895 | D:12     | Found a staircase to the Orcish Mines.
  9923 | D:12     | Reached skill level 10 in Fighting
 10004 | Orc:1    | Entered Level 1 of the Orcish Mines
 10028 | Orc:1    | Noticed an orc warlord
 10137 | D:10     | Bought a warped chain mail for 209 gold pieces
 10147 | D:10     | Identified the +4 chain mail of Abstinence {Slay+3} (You bought it in a shop on level 10 of the Dungeon)
 10255 | D:12     | Killed an orc warlord
 10284 | D:12     | magipi: finally, a real weapon
 10291 | D:12     | magipi: nice
 10567 | Orc:1    | Found Pithreoly's Antique Weapon Shoppe.
 10675 | Orc:1    | Thaneod: like a trog berserker:)
 10806 | Orc:2    | Entered Level 2 of the Orcish Mines
 10897 | Orc:1    | Bought a warped great mace for 425 gold pieces
 10897 | Orc:1    | Identified the +2 great mace of Truth {antimagic, rElec rN+++ MR+ Int-2} (You bought it in a shop on level 1 of the Orcish Mines)
 10935 | Orc:2    | Found a staircase to the Elven Halls.
 11086 | Orc:2    | Thaneod: how many dmg he dealt?
 11105 | Orc:2    | Found a roughly hewn altar of Beogh.
 11180 | Orc:2    | Found Enanim's Distillery.
 11827 | Orc:2    | Reached XP level 14. HP: 113/113 MP: 14/23
 12004 | Orc:2    | Noticed Donald
 12005 | Orc:2    | :O
 12030 | Orc:1    | You fall through a shaft!
 12102 | Orc:2    | Noticed Josephine
 12177 | Orc:2    | Killed Josephine
 12489 | Orc:2    | Found Gablarph's Armour Shop.
 12604 | Orc:2    | Found Daiv's Assorted Antiques.
 12683 | Orc:2    | Found Iplicrysh's Gadget Shop.
 12690 | Orc:2    | Bought a murky blue potion for 22 gold pieces
 12690 | Orc:2    | Bought a golden potion for 22 gold pieces
 12690 | Orc:2    | Bought a scroll labeled FUHOOSS LOHURRYNU for 25 gold pieces
 12702 | Orc:2    | Bought a potion of might for 52 gold pieces
 12702 | Orc:2    | Bought a potion of heal wounds for 65 gold pieces
 12702 | Orc:2    | Bought a potion of curing for 39 gold pieces
 12702 | Orc:2    | Bought a potion of flight for 39 gold pieces
 12872 | Lair:1   | Entered Level 1 of the Lair of Beasts
 12993 | Lair:1   | Reached skill level 1 in Axes
 13089 | Lair:1   | Reached skill level 2 in Axes
 13175 | Lair:1   | Gained mutation: You are slightly vulnerable to magic. (MR-) [Ru sacrifice]
 13175 | Lair:1   | Reached ***** piety under Ru
 13297 | Lair:2   | Reached skill level 3 in Axes
 13531 | Lair:2   | Reached skill level 4 in Axes
 13757 | Lair:2   | Found the +4 moon troll leather armour {Spirit, Regen++ MP+5}
 13971 | Lair:3   | Found a snail-covered altar of Cheibriados.
 13980 | Lair:3   | Reached skill level 5 in Axes
 14194 | Lair:3   | Reached skill level 6 in Axes
 14276 | Lair:4   | Found a staircase to the Swamp.
 14456 | Lair:4   | Found a staircase to the Snake Pit.
 14498 | Lair:4   | Rhok: he left ashe? oO
 14544 | Lair:4   | Reached skill level 7 in Axes
 14609 | Lair:4   | Lost mutation: You have sharp toenails. [potion of mutation]
 14609 | Lair:4   | Lost mutation: Armour fits poorly on your strangely shaped body. [potion of mutation]
 14609 | Lair:4   | Gained mutation: Your spells are a little harder to cast, but a little more powerful. [potion of mutation]
 14609 | Lair:4   | Gained mutation: You are surrounded by a mild repulsion field. (EV +2) [potion of mutation]
 14609 | Lair:4   | Gained mutation: You possess an exceptional clarity of mind. [potion of mutation]
 14808 | Lair:5   | Reached XP level 15. HP: 94/123 MP: 3/24
 14810 | Lair:5   | Reached skill level 8 in Axes
 14846 | Lair:5   | You fall through a shaft!
 14846 | Lair:6   | Entered Level 6 of the Lair of Beasts
 14847 | Lair:6   | :O
 14868 | Lair:6   | Found a staircase to the Slime Pits.
 14902 | Lair:5   | Reached skill level 9 in Axes
 14931 | Lair:5   | Found a glowing silver altar of Zin.
 15193 | Lair:6   | Reached skill level 10 in Axes
 15429 | Lair:6   | Reached skill level 11 in Axes
 15632 | Lair:6   | Learned a level 9 spell: Tornado
 15697 | Lair:6   | Got a transparent bone ring
 15699 | Lair:6   | Identified the ring of Wu Jian's Favour {+Fly SInv} (You found it on level 6 of the Lair of Beasts)
 16010 | Lair:2   | Reached skill level 12 in Axes
 16311 | D:14     | Got a heavily runed hat
 16406 | D:14     | Reached XP level 16. HP: 119/130 MP: 13/25
 16465 | D:14     | Learned a level 4 spell: Control Undead
 16542 | D:13     | Reached skill level 13 in Axes
 16562 | D:14     | Noticed zorance's ghost (journeyman DrTm)
 16650 | D:15     | Entered Level 15 of the Dungeon
 16876 | D:15     | Reached skill level 14 in Axes
 17267 | Elf:1    | Entered Level 1 of the Elven Halls
 17474 | Elf:1    | Reached skill level 15 in Axes
 17554 | Elf:1    | Identified Dispater's Guide on Calling
 18021 | Elf:1    | Found Zojaehes's Jewellery Shop.
 18022 | Elf:1    | Found Vyxi's Gadget Shoppe.
 18024 | Elf:1    | Found Mynum's Jewellery Shop.
 18201 | Elf:3    | Entered Level 3 of the Elven Halls
 18201 | Elf:3    | Found Wunanij's General Store.
 18208 | Elf:3    | :O
 18228 | Elf:3    | Found Emed's Assorted Antiques.
 18235 | Elf:3    | Reached skill level 16 in Axes
 18241 | Elf:3    | Found Atopan's Assorted Antiques.
 18278 | Elf:3    | Reached XP level 17. HP: 136/136 MP: 26/26
 18361 | Elf:3    | Noticed Louise
 18362 | Elf:3    | :O
 18382 | Elf:3    | Killed Louise
 18462 | Elf:3    | p0werm0de: 13:37
 18468 | Elf:3    | p0werm0de: heyhey
 18490 | Elf:3    | Found Cazehiy's Distillery.
 18552 | Elf:3    | Bought a potion of curing for 45 gold pieces
 18552 | Elf:3    | Bought a potion of might for 60 gold pieces
 18552 | Elf:3    | Bought a potion of curing for 45 gold pieces
 18552 | Elf:3    | Bought a potion of might for 60 gold pieces
 18552 | Elf:3    | Bought a potion of invisibility for 120 gold pieces
 18577 | Elf:3    | Noticed Aizul
 18578 | Elf:3    | Xiguana: heyhey
 18578 | Elf:3    | :IO
 18580 | Elf:3    | Found Jiwuh's Antique Weapon Shop.
 18584 | Elf:3    | Xiguana: go play
 18589 | Elf:3    | Killed Aizul
 18622 | Elf:3    | p0werm0de: enjoying my salad
 18651 | Elf:3    | Thaneod: hola
 18664 | Elf:3    | p0werm0de: hola amigo!!
 18666 | Elf:3    | Xiguana: u kill em poor defenselessplants
 18666 | Elf:3    | Bought a potion of cancellation for 120 gold pieces
 18670 | Elf:3    | Xiguana: brutal
 18794 | Elf:3    | Reached skill level 10 in Armour
 18794 | Elf:3    | Reached skill level 5 in Dodging
 18815 | Elf:3    | p0werm0de: !lg . -log
 18817 | Elf:3    | beem: 9270. p0werm0de, XL25 FoCK, T:23958: http://crawl.xtahua.com/crawl/morgue/p0werm0de/morgue-p0werm0de-20171105-231828.txt
 18818 | Elf:3    | p0werm0de: this was brutal
 18832 | Elf:3    | p0werm0de: still crying and dreamed of it
 18860 | Elf:3    | Xiguana: brtal was last 4tharra death
 18874 | Elf:3    | Cast into level 3 of the Abyss (a deep elf demonologist)
 18875 | Abyss:3  | ty
 18877 | Abyss:3  | Xiguana: !lg p0werm0de
 18878 | Abyss:3  | p0werm0de: !lg 4tharraofdagon
 18880 | Abyss:3  | beem: 9270. p0werm0de the Wrestler (L25 FoCK of Xom), blasted by a mummy priest (divine providence) on Tomb:3 (tomb_3) on 2017-11-05 23:18:28, with 478087 points after 23958 turns and 2:21:50.
 18880 | Abyss:3  | beem: 13741. 4thArraOfDagon the Archmage (L27 DEAr of Nemelex Xobeh), slain by an iron giant (a cursed +0 giant club) on Dis:7 (dis_grunt_layers) on 2017-11-06 10:14:25, with 1185944 points after 57456 turns and 9:28:52.
 18900 | Abyss:3  | Xiguana: check log
 18909 | Abyss:3  | p0werm0de: !lg 4tharraofdagon -log
 18910 | Abyss:3  | Noticed a tentacled starspawn
 18910 | Abyss:3  | beem: 13741. 4thArraOfDagon, XL27 DEAr, T:57456: http://crawl.xtahua.com/crawl/morgue/4thArraOfDagon/morgue-4thArraOfDagon-20171106-101425.txt
 18914 | Abyss:3  | Killed a tentacled starspawn
 18922 | Abyss:3  | Noticed a tentacled starspawn
 18929 | Abyss:3  | Killed a tentacled starspawn
 18956 | Abyss:3  | p0werm0de: low dmg
 18963 | Abyss:3  | p0werm0de: what about it
 18983 | Abyss:3  | Xiguana: he got stoned by hell effect at full hp
 18998 | Abyss:3  | p0werm0de: ah ok :>
 19005 | Abyss:3  | p0werm0de: ye statue ftw
 19042 | Abyss:3  | Xiguana: u can get hell petrified in stst form apparently
 19065 | Abyss:3  | Found a blossoming altar of Fedhas.
 19113 | Abyss:3  | p0werm0de: Y - 6 potions of cancellation
 19125 | Abyss:3  | p0werm0de: :>
 19208 | Abyss:3  | p0werm0de: i have a similar splat with shatter miscast
 19211 | Abyss:3  | p0werm0de: in zig
 19214 | Abyss:3  | Noticed a tentacled starspawn
 19221 | Abyss:3  | p0werm0de: also turned to stone from miscast
 19221 | Abyss:3  | Killed a tentacled starspawn
 19226 | Abyss:3  | p0werm0de: notice too late
 19237 | Elf:3    | Escaped the Abyss
 19237 | Elf:3    | Xiguana: but i meant u can get petrified by hell effect even ehen ur stst form
 19241 | Elf:3    | p0werm0de: no imo
 19244 | Elf:3    | Xiguana: i learned that today
 19267 | Elf:3    | Xiguana: 4tharra said so
 19270 | Elf:3    | p0werm0de: need proof
 19300 | Elf:3    | p0werm0de: if you catch the status outside of statue maybe
 19315 | Elf:3    | Noticed a deep elf blademaster
 19317 | Elf:3    | Xiguana: u can get petrified while lichform as well
 19328 | Elf:3    | Killed a deep elf blademaster
 19332 | Elf:3    | p0werm0de: yea
 19355 | Elf:3    | p0werm0de: it doesnt grant immunity to it
 19366 | Elf:3    | Xiguana: only hell effect
 19366 | Elf:3    | Reached XP level 18. HP: 104/143 MP: 18/27
 19392 | Elf:3    | p0werm0de: lichform can also get petrified by catoclebas etc
 19423 | Elf:3    | Xiguana: ok i didnt know that
 19431 | Elf:3    | Xiguana: but 4tharra said u can get petrified by hell effect in stat form and i trust his game knowledge
 19432 | Elf:3    | Got an ichor-stained demon trident {pain}
 19433 | Elf:3    | Identified the +4 demon trident of Collusion {pain, Str+5} (You took it off a deep elf mage on level 3 of the Elven Halls)
 19647 | Elf:3    | p0werm0de: i disagree but not sure
 19662 | Elf:3    | p0werm0de: sphara also says is impossible
 19674 | Elf:3    | Cast into level 2 of the Abyss (a deep elf sorcerer)
 19675 | Abyss:2  | Xiguana: ??hell effect
 19675 | Abyss:2  | beem: hell effect ~ hell effects[1/1]: Every ~40 turns in Hell proper, something scary happens. 1-5 random monsters are created. 15/27 chance of a random miscast effect (like Zot traps); else 4/27 chance of an appropriate greater demon.
 19675 | Abyss:2  | ty
 19719 | Abyss:2  | Xiguana: ??statue form
 19720 | Abyss:2  | beem: statue form[1/2]: Grants 17 + pow/10 AC, +30% HP, +2 Str, -2 Dex. Makes you take 50% more time to take any action, like the slow spell. Melds gloves, boots, bardings, and body armour. Provides rElec, rN+, 50% rTorm, rRot+, and poison immunity. 12 + unarmed_skill base unarmed damage and 50% bonus on all melee. Gargoyles can't cast this spell.
 19754 | Abyss:2  | Xiguana: ??statue form[2
 19754 | Abyss:2  | beem: statue form[2/2]: Gives plate armour GDR, halves damage from torment and gives rotting resistance. Prior to 0.16, gargoyles get 4 less AC than other races in statue form (and still lose all of their innate AC)! In 0.16 and later, gargoyles can't cast it at all. Makes you take extra damage from shatter, but you knew that already.
 19775 | Abyss:2  | p0werm0de: ??petrification
 19776 | Abyss:2  | beem: petrify[1/5]: Turns the target to stone after a brief period of slowness. While it's petrified it takes a lot less damage but can't do anything. Lv. 4 Tmut/Earth, in the books of Hinderance, Geomancy, and Alchemy.
 19783 | Abyss:2  | p0werm0de: ??petrification[2
 19785 | Abyss:2  | beem: petrify[2/5]: Player: Immune: gargoyles, Zin's Vitalisation, statue form or wisp form. Both: LRDable. Petrifying: 2x shatter dam b4.AC, 2/3 damage af.AC, half EV and 1.5x slow for 30 auts or until re-applied. Petrified: 4x shatter dam b4.AC, helpless(2-size) EV, 1/2 damage af.AC, nonliving, rTorment, rPois, rN+++, rRot+++ for 60+1d40 auts unextendable.
 19859 | Abyss:2  | p0werm0de: if that really happened maybe bug report
 19867 | Abyss:2  | p0werm0de: shouldnt be possible
 19893 | Abyss:2  | p0werm0de: only if petrify status is applied outside of statue
 19923 | Abyss:2  | p0werm0de: YOU NEED A DRUG .. TO MAKE THE STAAAAARS come down...!
 19943 | Abyss:2  | p0werm0de: so how ya doin
 19946 | Abyss:2  | p0werm0de: anyone
 19946 | Abyss:2  | p0werm0de: >:
 19955 | Abyss:2  | p0werm0de: best morning again
 19956 | Abyss:2  | p0werm0de: for me
 19999 | Abyss:2  | Found a blossoming altar of Fedhas.
 20072 | Abyss:2  | :O6
 20144 | Elf:3    | Escaped the Abyss
 20181 | Elf:3    | Noticed a deep elf master archer
 20200 | Elf:3    | Killed a deep elf master archer
 20329 | Elf:3    | :WIN
 20329 | Elf:3    | gruber: oh
 20329 | Elf:3    | gruber: snap
 20329 | Elf:3    | 4thArraOfDagon: ok, you can skip to extended
 20329 | Elf:3    | Nebukadnezar: what a find: mr
 20329 | Elf:3    | p0werm0de: speed just teh best
 20329 | Elf:3    | 4thArraOfDagon: forward-rewind
 20329 | Elf:3    | p0werm0de: ??
 20329 | Elf:3    | gruber: Aega is just so good
 20329 | Elf:3    | gruber: Arga*
 20336 | Elf:3    | Got a warped plate armour
 20410 | Elf:3    | Learned a level 2 spell: Swiftness
 20413 | Elf:3    | Identified the +10 plate armour of Ziappufe {rN+ Int+5} (You took it off a deep elf high priest on level 3 of the Elven Halls)
 20431 | Elf:3    | Learned a level 2 spell: Sublimation of Blood
 20435 | Elf:3    | Identified the Reference Book on Aid and Contamination
 20441 | Elf:3    | Xiguana: mithril
 20780 | Elf:2    | Reached skill level 10 in Dodging
 20917 | Elf:2    | Found a huge runed gate.
 20917 | Elf:2    | Found a huge runed gate.
 20917 | Elf:2    | Found a huge runed gate.
 20917 | Elf:2    | Found a huge runed gate.
 20917 | Elf:2    | Found a huge runed gate.
 20928 | Elf:2    | Reached XP level 19. HP: 128/149 MP: 27/29
 21430 | Elf:2    | Reached skill level 17 in Axes
 21676 | Orc:2    | Bought a potion of curing for 39 gold pieces
 21676 | Orc:2    | Bought a potion of invisibility for 104 gold pieces
 21676 | Orc:2    | Bought a potion of cancellation for 104 gold pieces
 21676 | Orc:2    | Bought a potion of brilliance for 52 gold pieces
 21676 | Orc:2    | Bought a potion of resistance for 130 gold pieces
 21676 | Orc:2    | Bought a potion of curing for 39 gold pieces
 21698 | Orc:2    | Learned a level 6 spell: Freezing Cloud
 21698 | Orc:2    | can be ok
 21749 | Orc:1    | Killed Donald
 21978 | Snake:1  | Entered Level 1 of the Snake Pit
 22547 | Snake:2  | Noticed Vashnia
 22599 | Snake:2  | Killed Vashnia
 22599 | Snake:2  | Reached skill level 5 in Shields
 22623 | Snake:2  | Reached skill level 18 in Axes
 22924 | Snake:3  | Reached XP level 20. HP: 126/156 MP: 30/30
 23036 | Snake:3  | Reached skill level 1 in Air Magic
 23301 | Snake:4  | Entered Level 4 of the Snake Pit
 23512 | Snake:4  | Found Ymaac's Weapon Boutique.
 23576 | Snake:4  | Reached skill level 5 in Air Magic
 23613 | Snake:4  | magipi: wtf was this
 23653 | Snake:4  | 4thArraOfDagon: carpocalypse
 23875 | Snake:4  | Thaneod: !
 23886 | Snake:4  | Got a serpentine rune of Zot
 24306 | Swamp:1  | Entered Level 1 of the Swamp
 24462 | Swamp:1  | Identified the -1 hat of Asaolips {rElec rCorr} (You found it on level 14 of the Dungeon)
 24660 | Swamp:1  | Found a shimmering altar of Xom.
 24958 | Swamp:2  | Reached XP level 21. HP: 159/162 MP: 32/32
 25632 | Swamp:4  | Entered Level 4 of the Swamp
 25798 | Swamp:4  | Reached skill level 10 in Air Magic
 26004 | Swamp:4  | Thaneod: selekcje robisz:)
 26067 | Swamp:4  | Got a decaying rune of Zot
 26168 | Swamp:3  | 4thArraOfDagon: wszyscy specta i laga robi :D
 26359 | Slime:1  | Entered Level 1 of the Pits of Slime
 26611 | Slime:3  | Thaneod: later if you have time, can you help me optimize DeFe? First time pass d:10
 26635 | Slime:3  | 4thArraOfDagon: ye
 26659 | Slime:3  | 4thArraOfDagon: after slime
 26659 | Slime:3  | 4thArraOfDagon: ok?
 26663 | Slime:4  | Thaneod: k
 26715 | Slime:4  | Noticed Nuz's ghost (master MiBe)
 26715 | Slime:4  | Gained mutation: You do not regenerate when monsters are visible. [a shining eye]
 26716 | Slime:4  | :O
 26716 | Slime:4  | :(
 26801 | Slime:3  | Thaneod: check ghost
 26815 | Slime:3  | 4thArraOfDagon: !lg Nuz mibe -log
 26815 | Slime:3  | beem: 25. Nuz, XL26 MiBe, T:64674: http://crawl.xtahua.com/crawl/morgue/Nuz/morgue-Nuz-20171105-143424.txt
 26815 | Slime:3  | 4thArraOfDagon: tough guy
 26815 | Slime:3  | 4thArraOfDagon: crap
 26835 | Slime:3  | Thaneod: max mr + crystal plate
 26872 | Slime:5  | Entered Level 5 of the Pits of Slime
 26945 | Slime:3  | Thaneod: soo many turns;/
 26959 | Slime:3  | Lost mutation: Scrolls take you a little longer to read. [potion of mutation]
 26959 | Slime:3  | Lost mutation: You possess an exceptional clarity of mind. [potion of mutation]
 26959 | Slime:3  | Lost mutation: Your flesh is heat resistant. (rF+) [potion of mutation]
 26959 | Slime:3  | Gained mutation: Your mind is acute. (Int +2) [potion of mutation]
 26960 | Slime:3  | Lost mutation: You are partially covered in slimy green scales. (AC +2) [potion of mutation]
 26960 | Slime:3  | Lost mutation: Your mind is acute. (Int +2) [potion of mutation]
 26960 | Slime:3  | Gained mutation: You have a somewhat thin skeletal structure. (Dex +2, Stealth) [potion of mutation]
 26961 | Slime:3  | Lost mutation: Your spells are a little harder to cast, but a little more powerful. [potion of mutation]
 26961 | Slime:3  | Lost mutation: You are clumsy. (Dex -2) [potion of mutation]
 26961 | Slime:3  | Gained mutation: Scrolls take you a little longer to read. [potion of mutation]
 26961 | Slime:3  | Gained mutation: You possess an exceptional clarity of mind. [potion of mutation]
 26962 | Slime:3  | Lost mutation: You are surrounded by a mild repulsion field. (EV +2) [potion of mutation]
 26962 | Slime:3  | Gained mutation: You occasionally shout uncontrollably at your foes. [potion of mutation]
 26962 | Slime:3  | Gained mutation: You evolve. [potion of mutation]
 26962 | Slime:3  | Gained mutation: You are partially covered in iridescent scales. (AC +2) [potion of mutation]
 26962 | Slime:3  | Gained mutation: Your flesh is cold resistant. (rC+) [potion of mutation]
 26963 | Slime:3  | Lost mutation: You are partially covered in iridescent scales. (AC +2) [potion of mutation]
 26963 | Slime:3  | Lost mutation: Your muscles are strong. (Str +2) [potion of mutation]
 26963 | Slime:3  | Lost mutation: Scrolls take you a little longer to read. [potion of mutation]
 26963 | Slime:3  | Gained mutation: You have a moderately thin skeletal structure. (Dex +4, Stealth+) [potion of mutation]
 26963 | Slime:3  | Lost mutation: You do not regenerate when monsters are visible. [potion of mutation]
 26963 | Slime:3  | Gained mutation: You are agile. (Dex +2) [potion of mutation]
 27074 | Slime:5  | Reached skill level 10 in Spellcasting
 27172 | Slime:5  | 4thArraOfDagon: this should be easy
 27216 | Slime:5  | Found the +15 Maxwell's patent armour {-Cast -Tele rElec MR+ rCorr}
 27239 | Slime:5  | Yermak: Holy cow, Formicid armour
 27244 | Slime:5  | Found a viscous altar of Jiyva.
 27355 | Slime:5  | Reached XP level 22. HP: 153/169 MP: 35/36
 27418 | Slime:5  | Gained mutation: Your magical capacity is low. (-10% MP) [a shining eye]
 27440 | Slime:5  | Gained mutation: Your body sometimes deteriorates upon taking damage. [a shining eye]
 27576 | Slime:5  | Noticed the Royal Jelly
 27606 | Slime:5  | HP: 3/169 [the Royal Jelly (31)]
 27606 | Slime:5  | Splashed by the Royal Jelly's acid

Vault maps used:
D:1:      dpeg_chamrin_arrival_tetris, kennysheep_flooded_box
D:3:      nicolae_qazlal_general_emergency, chequers_ecumenical_altar_twisty
D:4:      kennysheep_little_box, first_bread, kennysheep_windowed_goal
D:5:      serial_shops, shop
D:6:      nicolae_dithmenos_through_a_glass_darkly, old_standard_altar,
          serial_bayou_crossing, uniq_grinder
D:7:      kennysheep_mini_moat, minmay_temple_entry_statues_pillars,
          uniq_prince_ribbit1, uniq_pikel
D:8:      lemuel_slime, serial_shops, shop, the_bakery, minivault_26,
          minmay_guarded_unrand_variability
D:9:      nicolae_tso_besieged_by_evil
D:10:     david_lair_shrubbed, serial_shops, shop, minivault_29
D:11:     basic_altar, palyth_stone_intersect, hex_large
D:12:     hiddenorc1_lemuel
D:13:     david_vaults_3
D:14:     serial_bayou_pond_a
D:15:     gammafunk_enter_depths_forms, minmay_misc_feat_square,
          grunt_decor_fettered
Temple:   regret_index_temple_sphere_string
Lair:1:   beast_lair_carwin_9
Lair:2:   serial_bayou_pond_c, worms_lemuel
Lair:3:   kennysheep_snail_temple, grunt_megastairs_1
Lair:4:   minmay_swamp_entry_worms, dummy_snake_entry,
          hangedman_lair_generics_rect, uniq_rupert
Lair:5:   basic_altar, grunt_megastairs_5, serial_bayou_shore_a,
          infiniplex_staircase_pool_2, lemuel_fruit_tree
Lair:6:   evilmike_catoblepas_cave, slime_dummy, serial_bayou_shore_b
Swamp:1:  hangedman_swamp_cone, swamp_pool4, nicolae_swamp_godswood
Swamp:2:  evilmike_swamp_ruin_house_5
Swamp:3:  evilmike_swamp_ruin_house_6, swamp_pool5
Swamp:4:  swamp_fiery
Snake:2:  grunt_megastairs_3, uniq_vashnia
Snake:3:  st_stairs_11, grunt_ministairs_9
Snake:4:  snake_hunt, serial_shops, nicolae_shop_stone, grunt_ministairs_12
Slime:4:  cheibrodos_slime_lost_civilization_4
Orc:1:    serial_shops, shop
Orc:2:    st_orc_open, basic_altar, uniq_donald, uniq_josephine
Elf:1:    minmay_elf_demonology, minmay_shop_grove
Elf:2:    serial_sigils_hangedman_etch, hex_medium
Elf:3:    minmay_elf_hall_four_x, serial_shops, shop, shop, shop,
          nicolae_shop_behind_doors, nicolae_shop_overgrown_old_shop,
          uniq_louise, uniq_aizul
Abyss:2:  hangedman_summoners_spam

Skill      XL: |  1  2  3  4  5  6  7  8  9 10 11 12 13 14 15 16 17 18 19 20 21 22 |
---------------+-------------------------------------------------------------------+-----
Ice Magic      | 4 5 10 11 12 13 | 13.0
Fighting       | 2 4 5 6 8 11 13 | 13.0
Conjurations   | 1 2 8 9 10 11 | 11.4
Armour         | 1 2 8 11 13 14 | 14.0
Spellcasting   | 3 4 5 6 7 10 | 10.7
Shields        | 1 2 8 9 |  9.0
Charms         | 3 |  3.7
Necromancy     | 3 |  3.8
Axes           | 7 12 16 18 | 18.0
Dodging        | 2 7 10 | 10.0
Air Magic      | 9 11 12 | 12.2
Stealth        | |  2.4

Action                   |  1- 3 |  4- 6 |  7- 9 | 10-12 | 13-15 | 16-18 | 19-21 | 22-24 || total
-------------------------+-------+-------+-------+-------+-------+-------+-------+-------++-------
Melee: Unarmed           |     5 |   124 |       |       |       |       |       |       ||   129
       Dagger            |       |     8 |   191 |   544 |   191 |       |       |       ||   934
       Great mace        |       |       |       |   111 |    21 |    44 |       |       ||   176
       Mace              |       |       |       |     6 |       |       |       |       ||     6
       Kick              |       |       |       |     5 |   140 |       |       |       ||   145
       War axe           |       |       |       |       |   601 |   899 |       |       ||  1500
       Broad axe         |       |       |       |       |       |   127 |  1756 |    61 ||  1944
Throw: Throwing net      |       |       |       |       |     1 |       |       |       ||     1
 Cast: Freeze            |    67 |    99 |    65 |    62 |    10 |       |       |       ||   303
       Throw Icicle      |       |       |     4 |   123 |   181 |     4 |       |       ||   312
       Regeneration      |       |       |       |     5 |     4 |     3 |    42 |     5 ||    59
       Freezing Cloud    |       |       |       |       |       |       |     2 |       ||     2
Invok: Sacrifice Words   |       |       |     1 |       |       |       |       |       ||     1
       Draw Out Power    |       |       |       |     4 |     8 |       |     1 |     1 ||    14
       Sacrifice Health  |       |       |       |     1 |       |       |       |       ||     1
       Sacrifice Arcana  |       |       |       |     1 |       |       |       |       ||     1
       Reject Sacrifices |       |       |       |     1 |     1 |     1 |     1 |       ||     4
       Apocalypse        |       |       |       |       |     3 |     7 |     4 |     1 ||    15
       Sacrifice Essence |       |       |       |       |     1 |       |       |       ||     1
 Abil: Dig               |     5 |    16 |    15 |    30 |    21 |    40 |    35 |       ||   162
       Shaft Self        |       |       |       |       |     1 |       |       |       ||     1
       Stop Flying       |       |       |       |       |     1 |       |     2 |       ||     3
       Evoke Flight      |       |       |       |       |       |       |     1 |       ||     1
Evoke: Wand              |       |     1 |     4 |    24 |     2 |     3 |       |       ||    34
       Lamp of fire      |       |       |       |       |       |     1 |       |       ||     1
       Phantom mirror    |       |       |       |       |       |       |     1 |       ||     1
       Lightning rod     |       |       |       |       |       |       |     4 |     3 ||     7
  Use: Scroll            |     1 |     2 |     5 |    15 |    13 |    12 |    12 |       ||    60
       Potion            |       |       |     1 |       |     2 |     6 |     9 |     3 ||    21
 Stab: Confused          |       |       |     1 |     2 |       |     3 |       |       ||     6
       Invisible         |       |       |       |     3 |     9 |     9 |    14 |     1 ||    36
       Distracted        |       |       |       |     1 |     3 |     2 |     8 |       ||    14
       Sleeping          |       |       |       |     1 |     2 |       |     1 |       ||     4
       Paralysed         |       |       |       |       |    29 |    14 |     6 |       ||    49
  Eat: Chunk             |     2 |    11 |     9 |    52 |    31 |     3 |    10 |       ||   118
       Fruit             |       |       |     1 |     4 |    10 |     6 |       |       ||    21
       Royal jelly       |       |       |       |     1 |     1 |     2 |     2 |       ||     6
       Bread ration      |       |       |       |       |     2 |     2 |     5 |       ||     9
       Meat ration       |       |       |       |       |       |       |       |     1 ||     1
Armor: Robe              |     9 |       |       |       |     2 |       |       |       ||    11
       Ring mail         |       |    61 |    39 |    27 |       |       |       |       ||   127
       Troll leather arm |       |       |       |    60 |   158 |   177 |   329 |     6 ||   730
       Skin              |       |       |       |       |     1 |       |       |       ||     1
       Chain mail        |       |       |       |       |    46 |       |       |       ||    46
Dodge: Dodged            |    33 |   121 |    87 |   230 |   309 |   242 |   351 |    15 ||  1388
       Deflected         |       |       |       |       |       |    11 |    33 |     3 ||    47
Block: Buckler           |       |       |     1 |   206 |   259 |   177 |   214 |       ||   857
       Shield            |       |       |       |       |       |       |   382 |    29 ||   411
       Reflection        |       |       |       |       |       |       |     1 |     3 ||     4

Table legend:
 A = Spawn XP
 B = Non-spawn XP
 C = Spawn XP percentage of total XP
 D = Spawn monster count
 E = Non-spawn monster count
 F = Spawn count percentage of total count
 G = Total turns spent on level
                    A         B        C        D         E        F      G
               +---------+---------+-------+---------+---------+-------+---------
         Total |   14795 |  498558 |   2.9 |      26 |    1386 |   1.8 | 27606
               +---------+---------+-------+---------+---------+-------+---------
           D:1 |       0 |     104 |   0.0 |       0 |      37 |   0.0 |   797
           D:2 |       0 |     129 |   0.0 |       0 |      35 |   0.0 |   624
           D:3 |       0 |      41 |   0.0 |       0 |      19 |   0.0 |   472
           D:4 |       0 |     797 |   0.0 |       0 |      29 |   0.0 |   805
           D:5 |       0 |     543 |   0.0 |       0 |      22 |   0.0 |   633
           D:6 |       0 |     804 |   0.0 |       0 |      24 |   0.0 |   664
           D:7 |       0 |    1323 |   0.0 |       0 |      12 |   0.0 |   649
           D:8 |       0 |    3275 |   0.0 |       0 |      62 |   0.0 |   837
           D:9 |       0 |    1591 |   0.0 |       0 |      31 |   0.0 |   508
          D:10 |       0 |    9703 |   0.0 |       0 |      75 |   0.0 |  2111
          D:11 |       0 |    5707 |   0.0 |       0 |      55 |   0.0 |  1417
          D:12 |       0 |    8616 |   0.0 |       0 |      54 |   0.0 |  1217
          D:13 |       0 |    2980 |   0.0 |       0 |      12 |   0.0 |   158
          D:14 |       0 |    7769 |   0.0 |       0 |      16 |   0.0 |   412
          D:15 |       0 |   16973 |   0.0 |       0 |      39 |   0.0 |   545
        Lair:1 |       0 |    2453 |   0.0 |       0 |      18 |   0.0 |   467
        Lair:2 |       0 |    5576 |   0.0 |       0 |      41 |   0.0 |   648
        Lair:3 |       0 |    4393 |   0.0 |       0 |      16 |   0.0 |   636
        Lair:4 |       0 |    3784 |   0.0 |       0 |      13 |   0.0 |   475
        Lair:5 |       0 |    9890 |   0.0 |       0 |      26 |   0.0 |   451
        Lair:6 |       0 |   18917 |   0.0 |       0 |      56 |   0.0 |   903
       Swamp:1 |       0 |   14540 |   0.0 |       0 |      35 |   0.0 |   589
       Swamp:2 |       0 |   10122 |   0.0 |       0 |      34 |   0.0 |   396
       Swamp:3 |       0 |   16961 |   0.0 |       0 |      47 |   0.0 |   530
       Swamp:4 |       0 |   16299 |   0.0 |       0 |      37 |   0.0 |   466
       Snake:1 |       0 |   12294 |   0.0 |       0 |      27 |   0.0 |   464
       Snake:2 |       0 |   21576 |   0.0 |       0 |      29 |   0.0 |   540
       Snake:3 |       0 |   22564 |   0.0 |       0 |      35 |   0.0 |   619
       Snake:4 |       0 |   44472 |   0.0 |       0 |      66 |   0.0 |   615
       Slime:1 |       0 |    5823 |   0.0 |       0 |       6 |   0.0 |    81
       Slime:2 |       0 |    4926 |   0.0 |       0 |      11 |   0.0 |    55
       Slime:3 |       0 |    7087 |   0.0 |       0 |      17 |   0.0 |   211
       Slime:4 |       0 |    5907 |   0.0 |       0 |      21 |   0.0 |   181
       Slime:5 |       0 |   38582 |   0.0 |       0 |      44 |   0.0 |   616
         Orc:1 |       0 |    2797 |   0.0 |       0 |      23 |   0.0 |   339
         Orc:2 |       0 |   21533 |   0.0 |       0 |      68 |   0.0 |  2071
         Elf:1 |       0 |   21988 |   0.0 |       0 |      36 |   0.0 |   944
         Elf:2 |       0 |   39385 |   0.0 |       0 |      59 |   0.0 |  1019
         Elf:3 |       0 |   71042 |   0.0 |       0 |      67 |   0.0 |  1580
       Abyss:2 |   10497 |    5253 |  66.6 |      12 |      19 |  38.7 |   470
       Abyss:3 |    4298 |   10039 |  30.0 |      14 |      13 |  51.9 |   363
               +---------+---------+-------+---------+---------+-------+---------
